 Dungeon Crawl Stone Soup version 0.26-a0-30-g56b8cd3df0 (webtiles) character file.

Game seed: 7840263110617415176, levelgen mode: deterministic

38088 vurker the Destroyer (level 13, -4/112 (113) HPs)
             Began as a Demigod Conjurer on May 29, 2020.
             Slain by a spriggan rider
             ... wielding a +0 spear
              (13 damage)
             ... on level 5 of the Lair of Beasts.
             The game lasted 00:38:36 (21860 turns).

vurker the Destroyer (Demigod Conjurer)            Turns: 21860, Time: 00:38:37

HP:   -4/112 (113)  AC: 11    Str: 11    XL:     13   Next: 29%
MP:   33/34         EV: 12    Int: 39    God:
Gold: 1425          SH:  4    Dex: 16    Spells: 30/37 levels left

rFire    + . .     SeeInvis .   m - +3 short sword (drain)
rCold    . . .     Gourm    .   J - +0 buckler
rNeg     . . .     Faith    .   A - +0 steam dragon scales
rPois    +         Spirit   .   F - +0 hat {MR+}
rElec    .         Reflect  .   r - +1 cloak
rCorr    .         Harm     .   I - +0 pair of gloves
MR       ++...                  H - +2 pair of boots {Fly}
Stlth    +.........             M - amulet of Lucidity {RegenMP Int+10}
HPRegen  0.28/turn              y - ring of protection from cold
MPRegen  0.49/turn              C - ring of Mietheu {rPois rF+ rC- Int+2}

@: about to teleport, flying, heavily drained
A: high mp 1
a: Stop Flying


You were on level 5 of the Lair of Beasts.
You were not hungry.

You visited 2 branches of the dungeon, and saw 16 of its levels.

You collected 1425 gold pieces.

Inventory:

Hand Weapons
 m - a +3 short sword of draining (weapon)
   (You found it on level 2 of the Dungeon)
Missiles
 i - 3 throwing nets (quivered)
Armour
 r - a +1 cloak (worn)
   (You took it off Crazy Yiuf on level 6 of the Dungeon)
 A - +0 steam dragon scales (worn)
   (You found it on level 2 of the Lair of Beasts)
 F - a +0 hat of magic resistance (worn)
   (You took it off Gastronok on level 2 of the Lair of Beasts)
 H - a +2 pair of boots of flying (worn)
   (You found it on level 5 of the Dungeon)
 I - a +0 pair of gloves (worn)
   (You found it on level 11 of the Dungeon)
 J - a +0 buckler (worn)
   (You found it on level 1 of the Lair of Beasts)
Magical Staves
 z - an uncursed staff of wizardry
   (You found it on level 6 of the Dungeon)
 E - an uncursed staff of fire
   (You found it on level 8 of the Dungeon)
Jewellery
 a - an uncursed ring of see invisible
   (You found it on level 3 of the Lair of Beasts)
 y - a ring of protection from cold (left hand)
   (You found it on level 6 of the Dungeon)
 C - the ring of Mietheu (right hand) {rPois rF+ rC- Int+2}
   (You acquired it on level 10 of the Dungeon)

   [ring of poison resistance]

   It affects your intelligence (+2).
   It protects you from fire.
   It makes you vulnerable to cold.
   It protects you from poison.
 M - the amulet of Lucidity (around neck) {RegenMP Int+10}
   (You found it on level 4 of the Dungeon)

   [amulet of magic regeneration]

   It increases your magic regeneration.
   It affects your intelligence (+10).
Wands
 d - a wand of iceblast (7)
   (You took it off Ijyb on level 4 of the Dungeon)
 t - a wand of flame (89)
   (You found it on level 8 of the Dungeon)
 u - a wand of paralysis (4)
   (You found it on level 9 of the Dungeon)
 v - a wand of digging (3)
   (You found it on level 1 of the Lair of Beasts)
 x - a wand of acid (9)
   (You found it on level 6 of the Dungeon)
 K - a wand of clouds (3)
   (You found it on level 11 of the Dungeon)
Scrolls
 b - 3 scrolls of enchant weapon
 f - a scroll of magic mapping {unknown}
 g - 2 scrolls of fog
 l - a scroll of brand weapon {unknown}
 o - 6 scrolls of remove curse
 p - 2 scrolls of blinking
 s - 3 scrolls of teleportation
 B - 5 scrolls of enchant armour
 N - a scroll of holy word {unknown}
 P - a scroll of silence {unknown}
Potions
 c - 6 potions of curing
 h - 7 potions of resistance
 j - a potion of mutation
 k - 3 potions of haste
 q - 3 potions of brilliance
 w - 5 potions of heal wounds
 D - 4 potions of lignification
 G - a potion of ambrosia
 L - a potion of magic
Comestibles
 e - 24 rations


   Skills:
 + Level 9.8(6.8) Fighting
 - Level 5.0(2.3) Dodging
 - Level 1.7(0.0) Stealth
 - Level 4.0(1.3) Shields
 * Level 12.6(9.3) Spellcasting
 + Level 12.7(9.4) Conjurations


You had 30 spell levels left.
You knew the following spells:

 Your Spells              Type           Power        Failure   Level  Hunger
a - Magic Dart            Conj           ####         1%          1    None
b - Searing Ray           Conj           ######       1%          2    None
c - Iskenderun's Mystic   Conj/Tloc      ######..     4%          4    None

Your spell library contained the following spells:

 Spells                   Type           Power        Failure   Level  Hunger
 Conjure Flame            Conj/Fire      ######..     1%          3    None
 Dazzling Flash           Conj/Hex       ######       1%          3    None
 Freeze                   Ice            ###.         2%          1    None
 Mephitic Cloud           Conj/Pois/Air  #####...     2%          3    None
 Blink                    Tloc           N/A          4%          2    None
 Call Imp                 Summ           ###.....     4%          2    None
 Slow                     Hex            ###.....     4%          2    None
 Fulminant Prism          Conj/Hex       ######....   4%          4    None
 Hailstorm                Conj/Ice       ######..     4%          4    None
 Frozen Ramparts          Ice            ###...       9%          3    None
 Ozocubu's Armour         Chrm/Ice       ###.....     9%          3    None
 Summon Ice Beast         Ice/Summ       ###.....     28%         4    None


Dungeon Overview and Level Annotations

Branches:
Dungeon (11/15)            Temple (0/1) D:5            Lair (5/6) D:11
 Shoals (0/4) Lair:4        Snake (0/4) Lair:3          Orc (0/2) D:9
  Slime: Lair:5-6

Shops:
D:2 *   D:11 }

Annotations:
D:6 2 transporters, tilp's ghost, novice DgVM
Lair:2 1 runed translucent door, bmj180's ghost, journeyman DrCj
Lair:3 exclusion: oklob plant
Lair:5 Bodu's ghost, journeyman NaFi


Innate Abilities, Weirdness & Mutations

You have an increased reservoir of magic. (+10% MP)


Message History

You see here a wand of random effects (14).
There is a stone staircase leading down here.
As you read the scroll of identify, it crumbles to dust.
O - a potion of berserk rage
As you read the scroll of identify, it crumbles to dust.
L - a potion of magic
As you read the scroll of identify, it crumbles to dust.
n - a potion of flight Drop what? 42/52 slots (_ for help) (? for menu, Esc to quit)
You drop a potion of flight.
You drop a potion of berserk rage.
The polar bear growls angrily.
You reach down and open the door.
Aim: a boggart The searing ray hits Bodu's ghost!
The searing ray hits the polar bear! (Press . to maintain the ray.)
The spriggan rider hits you from afar with the +8 spear of Unefetuo {drain, rElec Int+5}!
You feel drained. Bodu's ghost barely misses you.
The searing ray hits Bodu's ghost.
The searing ray hits the spriggan rider!
The boggart casts a spell.
The spriggan rider hits you from afar with the +8 spear of Unefetuo {drain, rElec Int+5}!
You feel drained. Bodu's ghost hits you.
You feel drained.
The searing ray hits Bodu's ghost.
The searing ray hits the spriggan rider!
The boggart mumbles some strange words.
The spriggan rider closely misses you. Bodu's ghost hits you!
You feel drained.
The searing ray misses Bodu's ghost.
The searing ray hits the spriggan rider!
The searing ray hits the polar bear.
You finish channeling your searing ray.
The spriggan rider hits you from afar with the +8 spear of Unefetuo {drain, rElec Int+5}!!
* * * LOW HITPOINT WARNING * * *
You feel drained.
* * * LOW HITPOINT WARNING * * *
The boggart casts a spell.
The boggart flickers and vanishes!
Deactivating autopickup; reactivate with Ctrl-A.
Bodu's ghost hits you.
* * * LOW HITPOINT WARNING * * *
You feel drained.
* * * LOW HITPOINT WARNING * * *
As you read the scroll of teleportation, it crumbles to dust.
You feel strangely unstable. Bodu's ghost closely misses you.
The spriggan rider hits you from afar with the +8 spear of Unefetuo {drain, rElec Int+5}!
* * * LOW HITPOINT WARNING * * *
You feel drained.
* * * LOW HITPOINT WARNING * * *
The spriggan rider drinks a potion.
The spriggan rider seems to speed up.
The spriggan rider hits you from afar with a +0 spear!
You die...

######...#♣..♣ ♣♣...P##
###...#....8#..♣..♣♣....##
##......#....#F..♣ ♣#...#.#
##............'♣♣h♣.♣....#.#
##............h#.♣..♣♣...P.##
#..###......#i8#S...♣♣......##
#### ##.....iW#♣♣...♣♣.......#
##......♣..♣♣♣♣.......##
##....@♣♣♣♣..........#.
##.....♣....###P...#..
##.......#.#.........
#...................
##....../............
#.#.....P............
##....................
##....P..#............#
##........#............#


You could see 2 spriggan riders, a polar bear, a spiny frog (summoned) and
Bodu's ghost.

Vanquished Creatures
  Gastronok (Lair:2)
  Harold (Lair:2)
  Erolcha (D:9)
  2 hydras (Lair:5)
  Erica (D:9)
  A two-headed ogre (D:9)
  A death yak (Lair:5)
  Urug (Lair:5)
  2 unseen horrors (D:10)
  A necromancer (Lair:4)
  A manticore (Lair:4)
  Joseph (D:9)
  9 black mambas
  A torpor snail (Lair:4)
  3 spiny frogs
  8 komodo dragons
  13 rime drakes
  4 hippogriffs
  19 blink frogs
  2 dream sheep (Lair:4)
  Sigmund (D:6)
  5 wyverns
  A wraith (D:10)
  A shadow (D:11)
  15 yaks
  A human (D:7)
  2 hungry ghosts
  3 hogs (D:7)
  9 steam dragons
  2 basilisks (Lair:5)
  6 nagas (Lair:3)
  12 water moccasins
  7 porcupines
  5 orc warriors
  2 necrophages
  4 ogres
  A phantom (D:4)
  4 sky beasts
  A black bear (D:10)
  5 wolves (Lair:4)
  3 centaurs
  9 crocodiles
  A big kobold (D:9)
  A wyvern zombie (D:7)
  16 bullfrogs
  2 scorpions
  3 water moccasin skeletons
  10 killer bees
  9 wights
  5 howler monkeys (D:11)
  2 electric eels (Lair:4)
  A crimson imp (D:7)
  Crazy Yiuf (D:6)
  4 hounds
  5 jellies
  A gnoll shaman (D:6)
  2 orc priests (D:9)
  9 orc wizards
  A bullfrog skeleton (D:6)
  3 centaur skeletons
  7 iguanas
  Ijyb (D:4)
  4 worker ants
  5 polar bear simulacra (Lair:4)
  2 yak simulacra (Lair:4)
  2 wolf simulacra (Lair:4)
  2 howler monkey zombies
  Robin (D:2)
  10 adders
  5 gnolls (D:6)
  2 shadow imps
  2 oozes (D:4)
  2 worms
  3 dart slugs
  4 leopard geckos
  42 orcs
  A ball python (D:4)
  5 giant cockroaches
  13 goblins
  9 hobgoblins
  15 jackals
  20 kobolds
  2 quokkas
  5 bats
  5 frilled lizards
  A jackal skeleton (D:4)
  A quokka skeleton (D:6)
  8 rats
  2 river rat simulacra (Lair:4)
  A bush (Lair:2)
  2 fungi (Lair:4)
432 creatures vanquished.

Vanquished Creatures (others)
  A rime drake (Lair:3)
  16 fungi
  16 plants
33 creatures vanquished.

Grand Total: 465 creatures vanquished

Notes
Turn   | Place    | Note
-------+----------+-------------------------------------------
     0 | D:1      | vurker the Demigod Conjurer began the quest for the Orb.
     0 | D:1      | Reached XP level 1. HP: 14/14 MP: 5/5
   361 | D:1      | Reached XP level 2. HP: 22/22 MP: 2/7
   846 | D:2      | Reached XP level 3. HP: 27/27 MP: 3/9
   934 | D:2      | Noticed Robin
   943 | D:2      | Reached skill level 1 in Fighting
  1082 | D:1      | Learned a level 2 spell: Searing Ray
  1318 | D:2      | Killed Robin
  1537 | D:2      | You fall into a shaft and drop 1 floor!
  1601 | D:3      | Reached XP level 4. HP: 35/35 MP: 4/10
  1899 | D:2      | Found a glowing silver altar of Zin.
  1901 | D:2      | Found Zin's Purification Station.
  2226 | D:3      | Learned a level 4 spell: Iskenderun's Mystic Blast
  2419 | D:3      | Found a glowing golden altar of the Shining One.
  2965 | D:4      | Noticed Ijyb
  2976 | D:4      | Killed Ijyb
  2976 | D:4      | Reached XP level 5. HP: 27/40 MP: 4/12
  3271 | D:4      | Reached skill level 5 in Conjurations
  3482 | D:4      | Noticed a phantom
  3489 | D:4      | Killed a phantom
  3489 | D:4      | Reached XP level 6. HP: 48/48 MP: 5/14
  3887 | D:4      | Got a scorched sapphire amulet
  3889 | D:4      | Identified the amulet of Lucidity {RegenMP Int+10} (You
                  | found it on level 4 of the Dungeon)
  4009 | D:4      | Got a black opal-studded plate armour
  4020 | D:4      | Identified the +10 plate armour of the Fife {MR+} (You
                  | found it on level 4 of the Dungeon)
  4066 | D:4      | Found a shattered altar of Ashenzari.
  4185 | D:5      | Entered Level 5 of the Dungeon
  4328 | D:5      | Found a staircase to the Ecumenical Temple.
  4410 | D:5      | Reached XP level 7. HP: 56/56 MP: 12/17
  5271 | D:6      | Noticed Sigmund
  5313 | D:6      | Killed Sigmund
  5313 | D:6      | Reached skill level 5 in Spellcasting
  5593 | D:6      | Reached XP level 8. HP: 63/66 MP: 6/19
  5665 | D:6      | Found a transporter.
  5665 | D:6      | Found a transporter.
  5665 | D:6      | Noticed tilp's ghost (novice DgVM)
  5691 | D:6      | Noticed a queen bee
  5751 | D:6      | Found a runed translucent door.
  5752 | D:6      | Noticed Crazy Yiuf
  6051 | D:6      | Killed Crazy Yiuf
  6289 | D:7      | Found an iron altar of Okawaru.
  6647 | D:7      | Reached XP level 9. HP: 73/73 MP: 19/23
  6800 | D:7      | Found a shimmering altar of Xom.
  7229 | D:7      | Reached skill level 5 in Fighting
  7476 | D:8      | Found a sacrificial altar of Ru.
  7558 | D:8      | Found a shimmering blue altar of Sif Muna.
  7889 | D:9      | Noticed Erica
  7899 | D:9      | Killed Erica
  8017 | D:9      | Noticed Joseph
  8018 | D:9      | Noticed Erolcha
  8026 | D:9      | Killed Joseph
  8026 | D:9      | Killed Erolcha
  8026 | D:9      | Reached XP level 10. HP: 68/83 MP: 18/26
  8383 | D:9      | Found a staircase to the Orcish Mines.
  8642 | D:9      | Found a hide-covered altar of Uskayaw.
  8644 | D:9      | Found an ancient bone altar of Kikubaaqudgha.
  8659 | D:9      | Found a radiant altar of Vehumet.
  8722 | D:9      | Reached skill level 10 in Conjurations
  8989 | D:9      | Noticed a two-headed ogre
  9005 | D:9      | Killed a two-headed ogre
  9490 | D:10     | Entered Level 10 of the Dungeon
  9492 | D:10     | Identified a scroll of acquirement
 10345 | D:10     | Killed an unseen horror
 11019 | D:10     | Reached XP level 11. HP: 92/92 MP: 23/29
 11670 | D:10     | Killed an unseen horror
 11979 | D:11     | Found a staircase to the Lair.
 12039 | D:11     | Found Qaaceotwael's Gadget Boutique.
 12070 | D:11     | Found an iron altar of Okawaru.
 12384 | D:11     | Reached skill level 10 in Spellcasting
 13127 | D:11     | Got the ring of Mietheu {rPois rF+ rC- Int+2}
 13166 | Lair:1   | Entered Level 1 of the Lair of Beasts
 13890 | Lair:2   | Noticed Gastronok
 13890 | Lair:2   | Noticed Harold
 14095 | Lair:2   | Killed Harold
 14095 | Lair:2   | Reached skill level 1 in Shields
 14104 | Lair:2   | Killed Gastronok
 14967 | Lair:2   | Found a runed translucent door.
 14971 | Lair:2   | Noticed bmj180's ghost (journeyman DrCj)
 14976 | Lair:2   | Identified the +9 spear of Amorality {pain, *Rage MR++
                  | Int+3 SInv}
 14976 | Lair:2   | Noticed a spriggan rider
 15906 | Lair:3   | Reached XP level 12. HP: 83/101 MP: 27/31
 17087 | Lair:3   | Found a staircase to the Snake Pit.
 19047 | Lair:4   | Reached skill level 5 in Dodging
 19531 | Lair:4   | Found a staircase to the Shoals.
 20279 | Lair:4   | Reached XP level 13. HP: 110/110 MP: 4/34
 20453 | Lair:5   | Got a scorched battleaxe
 21215 | Lair:5   | Found a runed translucent door.
 21216 | Lair:5   | Noticed Bodu's ghost (journeyman NaFi)
 21217 | Lair:5   | Identified the +8 spear of Unefetuo {drain, rElec Int+5}
 21516 | Lair:5   | Noticed Urug
 21525 | Lair:5   | Killed Urug
 21860 | Lair:5   | Slain by a spriggan rider

Illustrated notes

Levels and vault maps discovered:
D:1:      ebering_hopf_link, layout_rooms, minmay_tetromino_l2
D:2:      layout_rooms, zin_purify, uniq_robin
D:3:      layout_loops_ring, tso_metal_star, minmay_pentomino_pile
D:4:      layout_gridville, overflow_temple_1_default, first_ration, uniq_ijyb
D:5:      layout_loops_corners, temple_pool_b
D:6:      layout_rooms, gammafunk_ghost_hive, uniq_crazy_yiuf_cottage,
          uniq_sigmund
D:7:      layout_loops_cross, lemuel_coloured_pillars_altar, basic_altar,
          grunt_livestock
D:8:      layout_gridville, tgw_sif, nicolae_ru_great_annihilating_truth
D:9:      layout_roguey, vehumet_altar_wand_db, nicolae_overflow_hidden_temple,
          david_orc_2, minmay_misc_feat_alley, uniq_joseph, uniq_erica,
          uniq_erolcha
D:10:     layout_long_grid
D:11:     layout_roguey, lair_entry_dummy, basic_altar, serial_shops,
          nicolae_shop_crystal, minmay_unpleasant_kobolds
Lair:1:   layout_hall_layers
Lair:2:   layout_loops_ring, ebering_ghost_funeral_grove, grunt_megastairs_3,
          lemuel_fruit_fields, uniq_gastronok, uniq_harold
Lair:3:   layout_layer_cave, minmay_snake_entry_guardpost_medium,
          bobbens_dragon_lair_wall
Lair:4:   beast_lair_carwin_large_2, layout_hall_layers,
          minmay_shoals_entry_beasts, eino_house_with_fridge,
          serial_bayou_shore_a
Lair:5:   layout_misc_corridors, ebering_ghost_funeral_grove,
          minmay_shattered_shrine, uniq_urug

Skill      XL: |  1  2  3  4  5  6  7  8  9 10 11 12 |
---------------+-------------------------------------+-----
Spellcasting   | 2 3 4 5 6 8 9 10 12 | 12.6
Conjurations   | 4 5 6 8 9 10 11 12 | 12.7
Fighting       | 1 2 3 4 6 7 8 9 |  9.8
Dodging        | 3 5 |  5.0
Shields        | 3 4 |  4.0
Stealth        | |  1.7

Action                   |  1- 3 |  4- 6 |  7- 9 | 10-12 | 13-15 || total
-------------------------+-------+-------+-------+-------+-------++-------
Melee: Unarmed           |     4 |       |       |       |       ||     4
       Whip              |     7 |       |       |       |       ||     7
       Dagger            |       |    21 |       |       |       ||    21
       Short sword       |       |     4 |     6 |     9 |       ||    19
       Quarterstaff      |       |       |     2 |       |       ||     2
 Cast: Magic Dart        |    77 |   101 |    95 |   286 |    29 ||   588
       Searing Ray       |     2 |    22 |    51 |   188 |    28 ||   291
       Iskenderun's Myst |       |       |       |    55 |    27 ||    82
Evoke: Wand              |       |       |       |     3 |       ||     3
  Use: Scroll            |       |       |    13 |    10 |     4 ||    27
       Potion            |       |       |     1 |     1 |       ||     2
 Stab: Sleeping          |       |     2 |     3 |       |       ||     5
  Eat: Chunk             |     2 |     9 |    12 |    25 |     2 ||    50
       Ration            |       |       |       |     4 |     1 ||     5
Armor: Robe              |    10 |     7 |    19 |    66 |       ||   102
       Steam dragon scal |       |       |       |    22 |     7 ||    29
Dodge: Dodged            |    23 |    29 |    28 |   182 |    20 ||   282
Block: Buckler           |       |       |       |    17 |     5 ||    22

Table legend:
 A = Non-vault XP
 B = Vault XP
 C = Vault XP percentage of total XP
 D = Non-vault monster count
 E = Vault monster count
 F = Vault count percentage of total count
                 A         B        C        D         E       F
            +---------+---------+-------+---------+---------+-------
      Total |   31656 |   22756 |  41.8 |     325 |     105 |  24.4
            +---------+---------+-------+---------+---------+-------
        D:1 |      34 |      12 |  26.1 |      22 |       6 |  21.4
        D:2 |      63 |      28 |  30.8 |      16 |       7 |  30.4
        D:3 |      45 |      17 |  27.4 |      17 |       4 |  19.0
        D:4 |     465 |      35 |   7.0 |      19 |       1 |   5.0
        D:5 |     534 |       0 |   0.0 |      16 |       0 |   0.0
        D:6 |     399 |     265 |  39.9 |      13 |       2 |  13.3
        D:7 |     796 |     978 |  55.1 |      21 |       5 |  19.2
        D:8 |     611 |     222 |  26.7 |       6 |       6 |  50.0
        D:9 |    4058 |    2535 |  38.4 |      46 |      10 |  17.9
       D:10 |    3076 |       0 |   0.0 |      29 |       0 |   0.0
       D:11 |    2474 |       8 |   0.3 |      31 |       6 |  16.2
     Lair:1 |    1310 |       0 |   0.0 |       9 |       0 |   0.0
     Lair:2 |     744 |    4527 |  85.9 |       5 |       6 |  54.5
     Lair:3 |    5757 |    5983 |  51.0 |      24 |      24 |  50.0
     Lair:4 |    5542 |    4255 |  43.4 |      28 |      21 |  42.9
     Lair:5 |    5748 |    3891 |  40.4 |      23 |       7 |  23.3
            +---------+---------+-------+---------+---------+-------
